 Dungeon Crawl Stone Soup version 0.30.0-5-g1a98f26d00 (webtiles) character file.

Game seed: 10354246511893011890

1415 Foic the Thaumaturge (level 8, -11/41 HPs)
             Began as a Deep Elf Conjurer on May 11, 2023.
             Was a Believer of Vehumet.
             Killed from afar by Maggie (19 damage)
             ... with a bolt of fire
             ... on level 6 of the Dungeon.
             The game lasted 00:31:17 (6436 turns).

Foic the Thaumaturge (Deep Elf Conjurer)            Turns: 6436, Time: 00:31:17

Health: -11/41     AC:  3    Str:  4    XL:     8   Next: 43%
Magic:  10/22      EV: 14    Int: 26    God:    Vehumet [**....]
Gold:   338        SH:  5    Dex: 13    Spells: 9/23 levels left

rFire   . . .        c - +4 short sword
rCold   . . .        (no shield)
rNeg    . . .        a - +0 robe
rPois   .            (no helmet)
rElec   .            y - scarf {repulsion}
rCorr   .            l - +0 pair of gloves
SInv    .            (no boots)
Will    .....        o - amulet of reflection
Stlth   +++          n - ring of wizardry
HPRegen 0.26/turn    (no ring)
MPRegen 0.18/turn

%: repel missiles, reflection, wizardry (x1)
@: mesmerised
A: no striking features
a: Renounce Religion


You were on level 6 of the Dungeon.
You worshipped Vehumet.
Vehumet was pleased with you.
You visited 2 branches of the dungeon, and saw 7 of its levels.

You collected 338 gold pieces.

Inventory:

Hand Weapons
 c - a +4 short sword (weapon)
 B - a +0 shortbow
Missiles
 e - 57 stones
 q - 2 silver boomerangs
 x - 3 large rocks
Armour
 a - a +0 robe (worn)
 k - the +2 leather armour "Qika" {rPois rF- rN+ Will+}
   (You found it on level 2 of the Dungeon)

   rF:        It makes you vulnerable to fire.
   rPois:     It protects you from poison.
   rN:        It protects you from negative energy.
   Will:      It increases your willpower.
 l - a +0 pair of gloves (worn)
 y - a scarf of repulsion (worn)
 F - a +0 cloak
Jewellery
 n - a ring of wizardry (left hand)
 o - an amulet of reflection (around neck)
 v - an amulet of faith
 C - a ring of fire
 G - a ring of magical power
Wands
 z - a wand of roots (6)
Scrolls
 d - 2 scrolls of vulnerability {unknown}
 f - 2 scrolls of fear {unknown}
 g - 2 scrolls of immolation {unknown}
 h - a scroll of acquirement {unknown}
 j - 6 scrolls of identify {unknown}
 p - a scroll of poison {unknown}
 r - 3 scrolls of teleportation {unknown}
 s - 2 scrolls of butterflies {unknown}
 u - 3 scrolls of enchant weapon {unknown}
 w - a scroll of fog {unknown}
 A - 2 scrolls of magic mapping {unknown}
 D - a scroll of blinking {unknown}
Potions
 b - a potion of magic
 i - 3 potions of heal wounds {unknown}
 m - a potion of flight {unknown}
 t - 2 potions of experience {unknown}
 E - a potion of attraction {unknown}
 H - 2 potions of brilliance {unknown}
 I - a potion of degeneration {unknown}


   Skills:
 + Level 5.2 Dodging
 + Level 5.7 Stealth
 * Level 8.1 Spellcasting
 * Level 7.7 Conjurations
 + Level 2.6 Hexes
 + Level 2.1 Translocations


You had 9 spell levels left.
You knew the following spells:

 Your Spells              Type           Power      Damage    Failure   Level
a - Magic Dart            Conj           100%       1d8       1%          1
b - Searing Ray           Conj           100%       2d8       1%          2
c - Dazzling Flash        Conj/Hex       74%        N/A       1%          3
d - Fulminant Prism       Conj/Hex       18%        3d10      2%          4
e - Iskenderun's Mystic   Conj/Tloc      36%        2d9       3%          4

Your spell library contained the following spells:

 Spells                   Type           Power      Damage    Failure   Level
 Static Discharge         Conj/Air       60%        2-5/arc   1%          2
 Scorch                   Fire           20%        2d6       3%          2
 Flame Wave               Conj/Fire      30%        2d9       4%          4
 Summon Cactus Giant      Summ           5%         N/A       96%         6


Dungeon Overview and Level Annotations

Branches:
Dungeon (6/15)             Temple (1/1) D:4

Altars:
Ashenzari
Cheibriados
Dithmenos
Elyvilon
Fedhas
Gozag
Hepliaklqana
Makhleb
Okawaru
Ru
Sif Muna
Trog
Uskayaw
Vehumet
Wu Jian
Xom
Yredelemnul
Zin

Annotations:
D:6 Maggie


Message History

The blast of energy engulfs the orc!!
You kill the orc!
Vehumet accepts your kill.
The blast of energy engulfs Maggie!
Maggie is moderately wounded.
You hear a shout!
Casting: Magic Dart (safe; 1% risk of failure)
Confirm with . or Enter, or press ? or * to list all spells.
Aiming: Searing Ray (safe; 1% risk of failure)
Press: ? - help, Shift-Dir - straight line, f/p - Maggie
Aim: Maggie, wielding a +1 morningstar of flaming, wearing +0 acid dragon scales and carrying a wand of flame (16) (moderately wounded, 83% to hit)
The searing ray misses Maggie. (Press . to maintain the ray.)
The searing ray hits Maggie!
Maggie is moderately wounded.
Maggie casts a spell.
Maggie attempts to bespell you!
You are mesmerised by Maggie!
The searing ray hits Maggie.
Maggie is heavily wounded.
Maggie zaps a wand.
The puff of flame hits you.
* * * LOW HITPOINT WARNING * * *
The searing ray misses Maggie.
You finish channelling your searing ray.
Maggie mumbles some strange words.
Maggie draws you further into her thrall.
Okay, then.
Casting: Searing Ray (safe; 1% risk of failure)
Confirm with . or Enter, or press ? or * to list all spells.
Aiming: Searing Ray (safe; 1% risk of failure)
Press: ? - help, Shift-Dir - straight line, f/p - Maggie
Aim: Maggie, wielding a +1 morningstar of flaming, wearing +0 acid dragon scales and carrying a wand of flame (15) (heavily wounded, mesmerising, 83% to hit)
The searing ray hits Maggie.
Maggie is heavily wounded. (Press . to maintain the ray.)
The searing ray hits Maggie!
Maggie is severely wounded.
Maggie gestures at you while chanting. The bolt of fire hits you!!
You die...

###.......##)#.#..
....###.........##.#.#.#
................##.#.#..
...................#.#.#
...................#...<
..................#####
#....###........#
..##....###).......#
.....@.@.........>.#
##......#.........##
........#......##.#
..).....#......##'## +.
........#......#...# #.
........#......#...#
#../..............#...#
.....##..........#...#####
..# ##......####'#....#


You could see Maggie (mesmerising).

Vanquished Creatures
  A black bear (D:5)
  2 orc warriors
  An ice beast (D:6)
  An ogre (D:5)
  A centaur (D:4)
  A phantom (D:5)
  2 scorpions (D:5)
  2 jellies (D:5)
  3 hounds
  2 orc priests (D:4)
  A sleepcap (D:4)
  An iguana (D:5)
  3 orc wizards
  7 gnolls
  12 adders
  3 river rats (D:5)
  2 ufetubi
  5 worms
  2 dart slugs
  14 orcs
  4 ball pythons
  3 endoplasms (D:1)
  3 giant cockroaches
  4 goblins
  5 hobgoblins
  10 jackals
  6 kobolds
  4 quokkas
  8 bats
  9 rats
  A spectral orc (D:3)
123 creatures vanquished.

Vanquished Creatures (others)
  10 fulminant prisms
10 creatures vanquished.

Grand Total: 133 creatures vanquished

Notes
Turn   | Place    | Note
-------+----------+-------------------------------------------
     0 | D:1      | Foic the Deep Elf Conjurer began the quest for the Orb.
     0 | D:1      | Reached XP level 1. HP: 10/10 MP: 6/6
   227 | D:1      | Reached XP level 2. HP: 15/15 MP: 0/8
   295 | D:1      | Learned a level 2 spell: Searing Ray
  1111 | D:1      | Found a faded altar of an unknown god.
  1323 | D:2      | Reached XP level 3. HP: 19/19 MP: 2/10
  1437 | D:2      | Identified the +2 leather armour "Qika" {rPois rF- rN+
                  | Will+}
  1604 | D:2      | Reached skill level 4 in Spellcasting
  1761 | D:2      | Reached skill level 5 in Conjurations
  1846 | D:2      | Identified the +0 leather armour "Hariziruv" {Harm rPois
                  | Stlth-}
  1869 | D:2      | Reached XP level 4. HP: 24/24 MP: 8/12
  2561 | D:3      | Found a sacrificial altar of Ru.
  2590 | D:3      | Learned a level 3 spell: Dazzling Flash
  2691 | D:3      | Found a basalt altar of Yredelemnul.
  2861 | D:3      | Reached XP level 5. HP: 28/28 MP: 8/14
  3046 | D:3      | Found a bloodstained altar of Trog.
  3280 | D:4      | Found a staircase to the Ecumenical Temple.
  3290 | D:4      | Reached skill level 5 in Spellcasting
  3392 | Temple   | Entered the Ecumenical Temple
  3471 | Temple   | Became a worshipper of Vehumet
  4131 | D:4      | Noticed a centaur
  4139 | D:4      | Killed a centaur
  4140 | D:4      | Reached XP level 6. HP: 32/32 MP: 10/16
  4408 | D:5      | Entered Level 5 of the Dungeon
  4444 | D:5      | Reached skill level 6 in Spellcasting
  4555 | D:5      | Reached XP level 7. HP: 36/36 MP: 10/18
  4721 | D:5      | Reached * piety under Vehumet
  4721 | D:5      | Offered knowledge of Freeze by Vehumet.
  4866 | D:5      | Learned a level 4 spell: Fulminant Prism
  4871 | D:5      | Learned a level 4 spell: Iskenderun's Mystic Blast
  5016 | D:5      | Noticed a +0 dagger
  5017 | D:5      | Noticed a +0 hand axe
  5018 | D:5      | Found a hide-covered altar of Uskayaw.
  5054 | D:5      | Reached skill level 5 in Stealth
  5115 | D:5      | Found an ornate altar of the Wu Jian Council.
  5169 | D:5      | Reached skill level 7 in Spellcasting
  5169 | D:5      | Reached skill level 1 in Hexes
  5367 | D:5      | Reached skill level 1 in Translocations
  5471 | D:5      | Reached XP level 8. HP: 27/41 MP: 5/21
  5942 | D:5      | Found an iron altar of Okawaru.
  6170 | D:6      | Reached skill level 5 in Dodging
  6170 | D:6      | Reached ** piety under Vehumet
  6185 | D:6      | Offered knowledge of Static Discharge by Vehumet.
  6340 | D:6      | Reached skill level 8 in Spellcasting
  6427 | D:6      | Noticed Maggie
  6436 | D:6      | Killed from afar by Maggie

Illustrated notes

Levels and vault maps discovered:
D:1:      onia_arrival_mini_spirals, layout_loops_corners,
          ebering_ecumenical_altar_mist
D:2:      layout_rooms, minmay_indecisive_spiral
D:3:      layout_loops_ring, nicolae_ru_sacrificial_ziggurat,
          trog_three_pillars_becter, yredelemnul_forgotten_temple_becter,
          minmay_misc_feat_nine_boxes, chequers_serial_rivers_micro_a,
          kennysheep_generic_room_12
D:4:      layout_basic, minmay_temple_entry_proselytizer
D:5:      layout_basic, dancing_weapons_uskayaw, nicolae_wu_jian_glorious_leap,
          lemuel_coloured_pillars_altar, lightli_sewer_entry_pipes
D:6:      minmay_cornered_nines, layout_basic, mainiacjoe_overflow_24_doors,
          kennysheep_mini_moat, minivault_22, minmay_quadrilaterals, uniq_maggie
Temple:   nicolae_temple_hex_pool

Skill      XL: |  1  2  3  4  5  6  7  8 |
---------------+-------------------------+-----
Stealth        | 3 4 5 |  5.7
Spellcasting   | 4 5 6 7 8 |  8.1
Dodging        | 3 4 5 |  5.2
Conjurations   | 5 6 7 |  7.7
Hexes          | 1 2 |  2.6
Translocations | 1 2 |  2.1

Action                     |  1- 3 |  4- 6 |  7- 9 || total
---------------------------+-------+-------+-------++-------
  Melee: Short sword       |     5 |       |    10 ||    15
         Punch             |       |       |     1 ||     1
   Cast: Magic Dart        |    64 |    56 |    24 ||   144
         Searing Ray       |     4 |    17 |    26 ||    47
         Iskenderun's Myst |       |       |     6 ||     6
         Fulminant Prism   |       |       |    10 ||    10
 Armour: Robe              |     8 |       |     2 ||    10
         Leather armour    |       |     2 |       ||     2
  Dodge: Dodged            |     6 |     8 |     6 ||    20
  Block: Other             |       |     2 |     1 ||     3
